 Dungeon Crawl Stone Soup version 0.30-b1-2-g02819fbbbe (webtiles) character file.

Game seed: 2869574590088874023

413 Phaedo the Firebug (level 7, -1/61 HPs)
             Began as a Meteoran Cinder Acolyte on Nov 10, 2023.
             Was a High Priest of Ignis.
             Slain by Pikel the black mamba (5 damage)
             ... on level 4 of the Dungeon.
             The game lasted 00:07:56 (1492 turns).

Phaedo the Firebug (Meteoran Cinder Acolyte)        Turns: 1492, Time: 00:07:57

Health: -1/61      AC:  3    Str: 15 (17) XL:     7   Next: 37%
Magic:  4/15       EV: 11    Int: 14 (17) God:    Ignis [*****.]
Gold:   125        SH:  0    Dex:  8 (9)  Spells: 13/15 levels left

rFire   + . .        d - +1 short sword (flame)
rCold   . . .        (no shield)
rNeg    . . .        b - +0 robe
rPois   .            (no helmet)
rElec   .            (no cloak)
rCorr   .            (no gloves)
SInv    .            p - +0 pair of boots
Will    .....        (no amulet)
Stlth   +            (no ring)
HPRegen 0.30/turn    (no ring)
MPRegen 0.14/turn

%: no passive effects
@: lethally poisoned (-1 -> -8), glowing
A: sense surroundings 1, otherworldly, glowing, explore regen
a: Renounce Religion, Fiery Armour, Foxfire Swarm, Rising Flame


You were on level 4 of the Dungeon.
You worshipped Ignis.
Ignis was extremely pleased with you.
You visited 1 branch of the dungeon, and saw 4 of its levels.

You collected 125 gold pieces.

Inventory:

Hand Weapons
 a - a -1 mace of flaming
 d - a +1 short sword of flaming (weapon)
 q - the +2 war axe "Killer Bee's Regret" {antimagic, rPois rN+ Int+2 Dex+3}
   (You found it on level 3 of the Dungeon)

   Int:       It affects your intelligence (+2).
   Dex:       It affects your dexterity (+3).
   rPois:     It protects you from poison.
   rN:        It protects you from negative energy.
 s - a +0 flail
Missiles
 n - 9 stones (quivered)
Armour
 b - a +0 robe (worn)
 p - a +0 pair of boots (worn)
Jewellery
 f - a ring of flight
 t - a ring of protection from cold
Wands
 j - a wand of digging (1)
 k - a wand of polymorph (5)
 l - a wand of quicksilver (11)
Scrolls
 e - a scroll of identify {unknown}
 o - a scroll of poison {unknown}
 r - a scroll of blinking {unknown}
 v - a scroll of fog {unknown}
Potions
 c - 2 potions of degeneration
 g - a potion of curing {unknown}
 h - a potion of haste
 i - a potion of flight {unknown}
 m - 2 potions of invisibility {unknown}
 u - a potion of lignification {unknown}


   Skills:
 + Level 5.3 Fighting
 - Level 4.1 Maces & Flails
 + Level 4.7 Spellcasting
 + Level 5.9 Fire Magic
 + Level 1.1 Evocations


You had 13 spell levels left.
You knew the following spells:

 Your Spells              Type           Power      Damage    Failure   Level
a - Scorch                Fire           38%        2d6       2%          2

Your spell library contained the following spells:

 Spells                   Type           Power      Damage    Failure   Level


Dungeon Overview and Level Annotations

Branches:
Dungeon (4/15) Zot: 864
 Temple: D:4-7

Altars:
Fedhas
Qazlal
Xom

Annotations:
D:4 Pikel


Innate Abilities, Weirdness & Mutations

You passively map a small area around you.
You are easily found by Zot.
You glow in the dark.
You regain HP and MP as you explore.


Message History

Pikel bites you but does no damage.
Casting: Scorch (safe; 1% risk of failure)
Confirm with . or Enter, or press ? or * to list all spells.
Flames lash Pikel.
Pikel is burned terribly!
Pikel is heavily wounded.
Pikel closely misses you. x2
Casting: Scorch (safe; 1% risk of failure)
Confirm with . or Enter, or press ? or * to list all spells.
Flames lash Pikel but do no damage.
Pikel bites you!
You are poisoned.
Pikel poisons you!
Unknown command.
Casting: Scorch (safe; 1% risk of failure)
Confirm with . or Enter, or press ? or * to list all spells.
Flames lash Pikel.
Pikel is burned terribly!
Pikel is almost dead.
You feel very sick.
You hear a shout!
Pikel misses you. Pikel barely misses you.
Casting: Scorch (safe; 1% risk of failure)
Confirm with . or Enter, or press ? or * to list all spells.
Flames lash the lemure.
The lemure is moderately wounded.
The lemure's fire resistance burns away.
You feel very sick. Pikel bites you. Pikel closely misses you.
Casting: Scorch (safe; 1% risk of failure)
Confirm with . or Enter, or press ? or * to list all spells.
Flames lash Pikel.
Pikel is burned terribly!
Pikel is almost dead.
You feel very sick. Pikel barely misses you. Pikel bites you!
* * * LOW HITPOINT WARNING * * *
It was a potion of degeneration.
There was something very wrong with that liquid.
You feel weakened.
You feel dopey.
You feel clumsy.
You feel sick. Pikel closely misses you. The lemure hits you!
* * * LOW HITPOINT WARNING * * *
Pikel bites you.
You die...

# #.......#....K§.≈._.≈.≈..# * #
##########.#..≈.≈...≈.≈..# ###
#.##.≈.≈≈≈≈≈.≈.## * #.##
#.#*.≈..... §§ .#†# ##'##.≈≈≈≈≈≈
~ §## , * #.## ##..)#....... ..#
* * #.## ##.....## * ###*#.# *
#..## ##......S## ##.###.# , ,
#...####......55@####...##.######
.......'.........'...............
#...####.......†.####...##.#####.
....# ##..<....≈# ##.###.# .##.#
##.....≈≈# #####.# ...##
##...#.≈# #..)..# , .###
###≈≈≈##.## #.##### .#
##≈≈≈#.#.## #.# .#
###≈≈.......### #.#


You could see Pikel the black mamba (combustible) and 2 lemures.

Vanquished Creatures
  Sigmund (D:2)
  2 lemures (D:3)
  Jessica (D:2)
  An iguana (D:4)
  Natasha (thrice) (D:2)
  2 orc wizards (D:4)
  3 adders
  A dart slug (D:4)
  9 orcs
  5 ball pythons
  3 bats
  3 endoplasms
  A giant cockroach (D:2)
  7 goblins
  3 hobgoblins
  A quokka (D:4)
  4 kobolds
50 creatures vanquished.

Vanquished Creatures (others)
  5 fungi (D:4)
  A plant (D:4)
6 creatures vanquished.

Grand Total: 56 creatures vanquished

Notes
Turn   | Place    | Note
-------+----------+-------------------------------------------
     0 | D:1      | Phaedo the Meteoran Cinder Acolyte began the quest for the
                  | Orb.
     0 | D:1      | Reached XP level 1. HP: 19/19 MP: 3/3
    57 | D:1      | Reached XP level 2. HP: 18/26 MP: 5/5
   102 | D:1      | Learned a level 2 spell: Scorch
   121 | D:2      | Noticed Natasha
   170 | D:2      | Killed Natasha
   171 | D:2      | Reached XP level 3. HP: 20/33 MP: 1/7
   230 | D:2      | You fall into a shaft and drop 2 floors!
   280 | D:4      | Reached XP level 4. HP: 40/40 MP: 8/8
   305 | D:4      | Found a blossoming altar of Fedhas.
   307 | D:4      | Found a stormy altar of Qazlal.
   479 | D:2      | Reached XP level 5. HP: 46/46 MP: 5/10
   610 | D:2      | Noticed Natasha
   617 | D:2      | Killed Natasha
   618 | D:2      | Noticed Jessica
   625 | D:2      | Killed Jessica
   761 | D:2      | Noticed Sigmund
   768 | D:2      | Killed Sigmund
   769 | D:2      | Reached skill level 5 in Fighting
   769 | D:2      | Reached skill level 5 in Fire Magic
   769 | D:2      | Reached XP level 6. HP: 42/56 MP: 5/13
   791 | D:2      | Noticed Natasha
   794 | D:2      | Killed Natasha
   795 | D:2      | Reached XP level 7. HP: 60/61 MP: 5/14
   943 | D:4      | Noticed Pikel
   991 | D:3      | Identified the +2 war axe "Killer Bee's Regret" {antimagic,
                  | rPois rN+ Int+2 Dex+3}
  1321 | D:4      | Reached skill level 1 in Evocations
  1341 | D:4      | Found a shimmering altar of Xom.
  1485 | D:4      | Pikel changed into Pikel the black mamba
  1485 | D:4      | Noticed Pikel
  1492 | D:4      | Slain by Pikel the black mamba

Illustrated notes

Levels and vault maps discovered:
D:1:      lemuel_arrival_tunnels, layout_basic
D:2:      layout_basic, hex_medium, uniq_sigmund, uniq_jessica, uniq_natasha
D:3:      layout_loops_ring, minmay_misc_feat_tower, minmay_misc_feat_plants
D:4:      layout_loops_corners, grunt_temple_overflow_forces_of_nature,
          mainiacjoe_overflow_concentric_impassable, serial_rivers,
          chequers_serial_rivers_micro_d, chequers_serial_rivers_micro_c,
          chequers_serial_rivers_large_b, chequers_serial_rivers_small_b,
          chequers_serial_rivers_room_b, serial_bayou_crossing, uniq_pikel

Skill      XL: |  1  2  3  4  5  6  7 |
---------------+----------------------+-----
Spellcasting   | 2 3 4 |  4.7
Fire Magic     | 4 5 |  5.9
Fighting       | 4 5 |  5.3
Evocations     | 1 |  1.1
Maces & Flails | |  4.1

Action                     |  1- 3 |  4- 6 |  7- 9 || total
---------------------------+-------+-------+-------++-------
  Melee: Mace              |    16 |       |       ||    16
         Short sword       |    20 |    41 |    23 ||    84
         Punch             |       |     2 |       ||     2
   Cast: Scorch            |     4 |    20 |    28 ||    52
 Invoke: Fiery Armour      |       |     1 |     1 ||     2
  Evoke: Wand              |       |       |     1 ||     1
    Use: Scroll            |     1 |       |       ||     1
         Potion            |       |       |     1 ||     1
 Armour: Robe              |    13 |    11 |    14 ||    38
         Skin              |       |     4 |       ||     4
  Dodge: Dodged            |    12 |    12 |    26 ||    50
